AoeStats
← HR Pinkman

Arena

509029450Analyzed
3v3 RM · 7d ago on Sep 25, 2026· 41m 27s· 6 players
Game mode
Random Map
Map size
Normal (6 player)
Population
200
Speed
Normal
Resources
Standard
Victory
Conquest
Starting age
Dark Age
Ending age
Imperial Age
RankedLock teamsTeams togetherTeam positionsShared explorationLock speedFull tech treeHidden civsTurbo modeCheats
Victory
Defeat
🇨🇱 Persians · Chile
1876
+5
🇨🇱 Bohemians · Chile
1863
+5
🇨🇱 Turks · Chile
1765
+8
🇹🇷 Danes · Türkiye
1721
-10
🇺🇸 Khmer · United States
1500
-4
🇨🇳 Spanish · China
1485
-4
HR nomadplayer
9:19 Feudal Age
10:03 Feudal Age
14:26 Castle Age
14:45 Loom
17:19 Fletching
25:29 Imperial Age
24:43 Fervor
25:34 Chemistry
25:57 Sanctity
26:34 Block Printing
26:52 Redemption
27:00 Redemption
28:56 Illumination
30:16 Atonement
31:10 Pikeman
32:48 Scale Mail Armor
34:28 Theocracy
36:40 Double-Bit Axe
37:13 Forging
37:27 Chain Mail Armor
40:56 Plate Mail Armor
HR Pinkman
10:51 Feudal Age
14:47 Castle Age
13:00 Horse Collar
13:26 Double-Bit Axe
15:12 Light Cavalry
18:08 Horse Collar
22:09 Wheelbarrow
21:30 Loom
23:41 Loom
24:45 Loom
25:20 Bow Saw
25:09 Loom
27:04 Hand Cart
28:12 Stone Mining
31:32 Imperial Age
29:22 Gold Mining
29:41 Heavy Plow
30:36 Scale Barding Armor
30:41 Forging
30:43 Bloodlines
30:34 Husbandry
31:40 Gold Shaft Mining
31:45 Stone Shaft Mining
31:48 Chain Barding Armor
31:30 Elite War Elephant
33:45 Iron Casting
34:17 Plate Barding Armor
34:16 Conscription
34:56 Coinage
35:48 Blast Furnace
36:46 Banking
37:38 Hoardings
36:58 Fletching
37:29 Ballistics
38:10 Chemistry
37:21 Masonry
38:26 Crop Rotation
39:14 Bodkin Arrow
39:46 Guilds
neromelnick
8:24 Feudal Age
8:08 Loom
9:00 Double-Bit Axe
8:56 Horse Collar
11:30 Fletching
17:59 Wheelbarrow
21:11 Castle Age
19:14 Gold Mining
25:13 Imperial Age
24:10 Bow Saw
28:12 Padded Archer Armor
39:06 Gold Shaft Mining
41:59 Hand Cart
Ivbin Jirginov
10:56 Feudal Age
14:05 Castle Age
13:24 Double-Bit Axe
13:20 Horse Collar
15:30 Wheelbarrow
20:14 Loom
21:47 Wheelbarrow
23:41 Hand Cart
23:11 Town Watch
24:05 Heavy Plow
24:04 Gold Mining
28:37 Imperial Age
26:21 Husbandry
26:51 Bow Saw
26:55 Bloodlines
26:17 Light Cavalry
27:22 Scale Barding Armor
28:04 Gold Shaft Mining
28:36 Chain Barding Armor
29:07 Forging
28:46 Hussar
29:37 Padded Archer Armor
30:24 Plate Barding Armor
31:05 Forging
32:45 Iron Casting
34:37 Blast Furnace
34:51 Coinage
34:31 Fletching
35:25 Conscription
36:12 Heavy Scorpion
37:45 Double Crossbow
38:22 Ballistics
39:03 Chemistry
38:19 Bodkin Arrow
39:17 Siege Engineers
无助小羊
10:05 Feudal Age
11:31 Loom
14:03 Castle Age
23:20 Double-Bit Axe
28:33 Atonement
29:59 Sanctity
30:14 Redemption
31:15 Bow Saw
37:21 Fervor
37:52 Wheelbarrow
41:59 Imperial Age
40:07 Fletching
Orhan
9:03 Loom
10:49 Feudal Age
14:58 Castle Age
13:09 Double-Bit Axe
13:25 Horse Collar
16:41 Bow Saw
21:45 Wheelbarrow
21:42 Scale Mail Armor
23:33 Hand Cart
24:25 Chain Mail Armor
24:40 Squires
25:49 Squires
25:37 Gambesons
26:03 Forging
27:56 Heavy Plow
28:05 Fletching
31:38 Imperial Age
28:35 Crossbowman
29:16 Bodkin Arrow
31:00 Ballistics
32:21 Bracer
33:22 Chemistry
32:25 Pikeman
34:14 Plate Mail Armor
33:38 Halberdier
Connection lost

Rejoining the realm…

Still unreachable

The connection could not be restored.

Session expired

The server has moved on; the page needs a fresh start.